 Dungeon Crawl Stone Soup version 0.29-a0-664-gff9cad4a3d (webtiles) character file.

Game seed: 15483293481632278554

392 testman the Magician (level 6, -3/32 HPs)
             Began as a Deep Elf Fire Elementalist on June 22, 2022.
             Slain by Edmund
             ... wielding a +1 vorpal flail
              (9 damage)
             ... on level 4 of the Dungeon.
             The game lasted 00:12:06 (2956 turns).

testman the Magician (Deep Elf Fire Elementalist)   Turns: 2956, Time: 00:12:06

Health: -3/32      AC:  3    Str:  5    XL:     6   Next: 51%
Magic:  6/16       EV: 12    Int: 22    God:
Gold:   166        SH:  0    Dex: 15    Spells: 3/16 levels left

rFire   . . .      SeeInvis .   l - +0 dagger
rCold   . . .      Faith    .   (no shield)
rNeg    . . .      Spirit   .   a - +0 robe
rPois   .          Reflect  .   j - +0 hat
rElec   .          Harm     .   (no cloak)
rCorr   .          Rampage  .   (no gloves)
Will    +....                   n - +0 pair of boots
Stlth   ++........              (no amulet)
HPRegen 0.10/turn               i - ring of willpower
MPRegen 0.15/turn               (no ring)

@: lethally poisoned (-3 -> -16)
A: no striking features
a: no special abilities


You were on level 4 of the Dungeon.
You visited 1 branch of the dungeon, and saw 4 of its levels.

You collected 166 gold pieces.

Inventory:

Hand Weapons
 l - a +0 dagger (weapon)
Missiles
 q - 2 poisoned darts
Armour
 a - a +0 robe (worn)
 j - a +0 hat (worn)
 n - a +0 pair of boots (worn)
Jewellery
 i - a ring of willpower (left hand)
Scrolls
 c - a scroll of noise {unknown}
 d - 11 scrolls of identify {unknown}
 e - 2 scrolls of amnesia {unknown}
 f - 2 scrolls of teleportation {unknown}
 p - a scroll of silence {unknown}
Potions
 b - a potion of magic
 g - a potion of heal wounds {unknown}
 h - a potion of ambrosia {unknown}
 k - 3 potions of curing {unknown}
 m - a potion of haste {unknown}
 o - a potion of mutation {unknown}


   Skills:
 - Level 2.4 Dodging
 - Level 2.4 Stealth
 + Level 5.7 Spellcasting
 + Level 4.1 Conjurations
 - Level 2.0 Hexes
 + Level 5.2 Fire Magic


You had 3 spell levels left.
You knew the following spells:

 Your Spells              Type           Power      Damage    Failure   Level
a - Foxfire               Conj/Fire      100%       2x1d9     1%          1
b - Scorch                Fire           58%        2d8       1%          2
c - Conjure Flame         Conj/Fire      27%        6-21      4%          3
d - Inner Flame           Hex/Fire       22%        N/A       6%          3
e - Flame Wave            Conj/Fire      27%        2d7       14%         4

Your spell library contained the following spells:

 Spells                   Type           Power      Damage    Failure   Level


Dungeon Overview and Level Annotations

Branches:
Dungeon (4/15)
 Temple: D:4-7

Altars:

Annotations:
D:4 Edmund


Message History

Casting: Scorch (safe; 1% risk of failure)
Confirm with . or Enter, or press ? or * to list all spells.
Flames lash Edmund.
Edmund is lightly wounded.
Edmund's fire resistance burns away.
Casting: Scorch (safe; 1% risk of failure)
Confirm with . or Enter, or press ? or * to list all spells.
Flames lash Edmund.
Edmund is burned terribly!
Edmund is moderately wounded.
You hear an angry hiss.
A scorpion comes into view.
Casting: Scorch (safe; 1% risk of failure)
Confirm with . or Enter, or press ? or * to list all spells.
The spell is quite dangerous to miscast (14% risk of failure)!
Continue anyway?
Casting: Flame Wave (quite dangerous; 14% risk of failure)
Press: ? - help, Dir - look around, f - activate A wave of flame ripples out!
The flame wave engulfs the scorpion.
The scorpion is lightly wounded.
The flame wave engulfs Edmund!
Edmund is burned terribly!
Edmund is severely wounded. (Press . to intensify the flame waves.)
The scorpion stings you but does no damage.
Edmund hits you with a +1 vorpal flail!
A wave of flame ripples out!
The flame wave engulfs the scorpion.
The scorpion is heavily wounded.
The flame wave engulfs Edmund.
Edmund is burned terribly!
Edmund is almost dead.
The scorpion stings you. Edmund hits you with a +1 vorpal flail.
* * * LOW HITPOINT WARNING * * *
x2 A wave of flame ripples out!
The flame wave engulfs the scorpion!
The scorpion is almost dead.
The flame wave engulfs Edmund.
Edmund is burned terribly!
Edmund is almost dead.
You finish channelling waves of flame.
An adder comes into view.
The scorpion stings you.
* * * LOW HITPOINT WARNING * * *
You are lethally poisoned!
The scorpion poisons you! Edmund hits you with a +1 vorpal flail!
You die...

.. .# .. .## ..# #.#
###### ####@######
.....########...@s....#
####.#........####S####
#....#..#)#.#.# #
#†####.#(#..#.#
#...........#.#
###############


You could see Edmund (combustible), a scorpion and an adder.

Vanquished Creatures
  Menkaure (D:4)
  A black bear (D:3)
  A scorpion (D:4)
  4 adders
  A worm (D:3)
  4 orcs
  8 ball pythons
  10 endoplasms
  4 giant cockroaches
  5 goblins
  5 hobgoblins
  4 jackals (D:1)
  5 kobolds
  4 quokkas
  10 bats
  2 frilled lizards
  6 rats
75 creatures vanquished.

Vanquished Creatures (others)
  70 foxfires
70 creatures vanquished.

Grand Total: 145 creatures vanquished

Notes
Turn   | Place    | Note
-------+----------+-------------------------------------------
     0 | D:1      | testman the Deep Elf Fire Elementalist began the quest for
                  | the Orb.
     0 | D:1      | Reached XP level 1. HP: 10/10 MP: 6/6
   183 | D:1      | Reached XP level 2. HP: 15/15 MP: 4/8
   190 | D:1      | Learned a level 2 spell: Scorch
   255 | D:1      | Found a faded altar of an unknown god.
  1194 | D:2      | Reached XP level 3. HP: 16/19 MP: 5/10
  1593 | D:2      | Learned a level 3 spell: Conjure Flame
  1597 | D:2      | Learned a level 3 spell: Inner Flame
  1610 | D:3      | Noticed a black bear
  1616 | D:3      | Killed a black bear
  1617 | D:3      | Reached skill level 1 in Hexes
  1617 | D:3      | Reached XP level 4. HP: 24/24 MP: 3/12
  1617 | D:3      | Reached XP level 5. HP: 28/28 MP: 3/13
  1880 | D:3      | Learned a level 4 spell: Flame Wave
  2536 | D:4      | Reached skill level 5 in Spellcasting
  2743 | D:4      | Noticed Menkaure
  2748 | D:4      | Killed Menkaure
  2749 | D:4      | Reached skill level 5 in Fire Magic
  2749 | D:4      | Reached XP level 6. HP: 32/32 MP: 12/16
  2951 | D:4      | Noticed Edmund
  2956 | D:4      | Slain by Edmund

Illustrated notes

Levels and vault maps discovered:
D:1:      sevenhm_arrival_forest_fort_small_5, layout_loops_ring,
          chequers_ecumenical_altar_island, st_stairs_1
D:2:      layout_rooms, minmay_fractal_squares_5
D:3:      minmay_general_purpose_star, layout_basic
D:4:      minmay_thinvault, layout_basic, serial_shops,
          nicolae_shop_window_shopping, hangedman_feature_mirror, uniq_menkaure,
          uniq_edmund

Skill      XL: |  1  2  3  4  5 |
---------------+----------------+-----
Conjurations   | 2 4 |  4.1
Fire Magic     | 4 5 |  5.2
Spellcasting   | 4 5 |  5.7
Hexes          | 1 2 |  2.0
Dodging        | |  2.4
Stealth        | |  2.4

Action                   |  1- 3 |  4- 6 || total
-------------------------+-------+-------++-------
Melee: Unarmed           |     7 |       ||     7
       Punch             |     1 |       ||     1
       Dagger            |     5 |     9 ||    14
 Cast: Foxfire           |    30 |    12 ||    42
       Scorch            |    11 |    32 ||    43
       Flame Wave        |       |     2 ||     2
 Stab: Sleeping          |     2 |     2 ||     4
Armor: Robe              |     5 |     4 ||     9
Dodge: Dodged            |     5 |     6 ||    11

Table legend: (Time is in decaauts)
 A = Elapsed time spent in this place.
 B = Non-inter-level travel time spent in this place.
 C = Inter-level travel time spent in this place.
 D = Time resting spent in this place.
 E = Time spent auto-exploring this place.
 F = Levels seen in this place.
 G = Mean time per level.
                   A        B        C        D        E       F      G
               +--------+--------+--------+--------+--------+-----+--------+
         Total |   2963 |   2852 |    111 |    131 |   2326 |   4 |  740.8 |
       Dungeon |   2963 |   2852 |    111 |    131 |   2326 |   4 |  740.8 |
               +--------+--------+--------+--------+--------+-----+--------+

Top non-repeatable levels by time:
     D:3: 886 daAuts
     D:1: 883 daAuts
     D:2: 725 daAuts
     D:4: 467 daAuts
